 Dungeon Crawl Stone Soup version 0.21.1-1-g345015f (webtiles) character file.

72 lotte the Magician (level 4, 0/24 HPs)
             Began as a Deep Elf Wizard on July 1, 2018.
             Slain by a quokka (2 damage)
             ... on level 3 of the Dungeon.
             The game lasted 00:08:46 (2428 turns).

lotte the Magician (Deep Elf Wizard)                Turns: 2428, Time: 00:08:48

Health: 0/24       AC:  2    Str:  4    XL:     4   Next: 7%
Magic:  8/14       EV: 13    Int: 24    God:
Gold:   117        SH:  0    Dex: 13    Spells: 9/15 levels left

rFire    . . .     SeeInvis .   e - +0 club
rCold    . . .     Gourm    .   (no shield)
rNeg     . . .     Faith    .   a - +0 robe
rPois    .         Spirit   .   b - +0 hat
rElec    .         Reflect  .   (no cloak)
rCorr    .         Harm     .   (no gloves)
MR       .....                  (no boots)
Stlth    ++........             (no amulet)
HPRegen  0.08/turn              (no ring)
MPRegen  0.14/turn              (no ring)

@: lethally poisoned (0 -> -6)
A: no striking features
a: no special abilities


You were on level 3 of the Dungeon.
You were not hungry.

You visited 1 branch of the dungeon, and saw 3 of its levels.

You collected 117 gold pieces.

Inventory:

Hand Weapons
 e - a +0 club (weapon)
Armour
 a - a +0 robe (worn)
 b - a +0 hat (worn)
Scrolls
 f - 4 scrolls of identify {unknown}
 g - a scroll of fear {unknown}
 h - a scroll of immolation {unknown}
 i - 2 scrolls of noise {unknown}
 j - a scroll of blinking {unknown}
 k - a scroll of enchant weapon {unknown}
 l - a scroll of fog {unknown}
 m - a scroll of magic mapping {unknown}
 n - a scroll of enchant armour {unknown}
Potions
 o - a potion of degeneration {unknown}
 p - a potion of heal wounds {unknown}
Books
 c - a book of Minor Magic

   Spells                             Type                      Level
   a - Magic Dart                     Conjuration                  1
   b - Blink                          Translocation                2
   c - Call Imp                       Summoning                    2
   d - Slow                           Hexes                        2
   e - Conjure Flame                  Conjuration/Fire             3
   f - Mephitic Cloud                 Conjuration/Poison/Air       3
Comestibles
 d - 4 rations


   Skills:
 - Level 2.5 Dodging
 - Level 2.4 Stealth
 - Level 6.0 Spellcasting
 - Level 1.2 Conjurations
 + Level 2.6 Summonings
   Level 1.1 Translocations


You had 9 spell levels left.
You knew the following spells:

 Your Spells              Type           Power        Failure   Level  Hunger
a - Magic Dart            Conj           ##..         4%          1    None
b - Call Imp              Summ           ###.....     4%          2    None
c - Mephitic Cloud        Conj/Pois/Air  #.......     21%         3    #......


Dungeon Overview and Level Annotations

Branches:
Dungeon (3/15)

Altars:
Dithmenos
Trog

Annotations:
D:3 wojtek's ghost, amateur MiFi


Message History

Your shadow imp barely misses the orc.
Casting: Call Imp
Confirm with . or Enter, or press ? or * to list all spells.
A beastly little devil appears in a puff of flame.
The adder bites you.
You are poisoned.
The adder poisons you! The quokka bites you.
* * * LOW HITPOINT WARNING * * *
The orc closely misses your shadow imp. The leopard gecko bites you.
* * * LOW HITPOINT WARNING * * *
The adder closely misses you.
Your crimson imp hits the leopard gecko.
Your shadow imp hits the orc but does no damage.
* * * LOW HITPOINT WARNING * * *
You feel sick. The orc hits your shadow imp.
Your crimson imp closely misses the goblin.
Your shadow imp hits the orc.
The orc dies!
The quokka bites you.
You die...

##..(..#.....#
##.............
#..............
#..............
#............[.
#..5...........
#
#..............
.
#..@rS.<5[.....
#
##..lg5........
##.....#......
#########..#.
... #.


You could see an adder, a leopard gecko, a quokka, a goblin, 2 friendly crimson
imps and a friendly shadow imp.

Vanquished Creatures
  An adder (D:2)
  An ooze (D:1)
  A dart slug (D:1)
  A leopard gecko (D:2)
  2 giant cockroaches
  8 goblins
  5 hobgoblins
  3 kobolds (D:1)
  5 bats
  5 frilled lizards
  5 rats
37 creatures vanquished.

Vanquished Creatures (collateral kills)
  3 adders (D:2)
  An orc (D:3)
  3 jackals (D:3)
  A quokka (D:2)
  A ball python (D:3)
9 creatures vanquished.

Grand Total: 46 creatures vanquished

Notes
Turn   | Place    | Note
-------+----------+-------------------------------------------
     0 | D:1      | lotte the Deep Elf Wizard began the quest for the Orb.
     0 | D:1      | Reached XP level 1. HP: 10/10 MP: 7/7
   114 | D:1      | Reached skill level 5 in Spellcasting
   114 | D:1      | Reached XP level 2. HP: 9/15 MP: 0/10
   438 | D:1      | Learned a level 2 spell: Call Imp
   830 | D:1      | Reached XP level 3. HP: 19/19 MP: 9/12
   835 | D:1      | Learned a level 3 spell: Mephitic Cloud
  1413 | D:2      | Reached skill level 6 in Spellcasting
  1653 | D:2      | Found a shadowy altar of Dithmenos.
  1730 | D:2      | Found a bloodstained altar of Trog.
  2019 | D:2      | Found a faded altar of an unknown god.
  2037 | D:2      | Reached XP level 4. HP: 24/24 MP: 10/14
  2204 | D:3      | Noticed wojtek's ghost (amateur MiFi)
  2428 | D:3      | Slain by a quokka

Skill      XL: |  1  2  3 |
---------------+----------+-----
Spellcasting   | 5 6 |  6.0
Summonings     | 2 |  2.6
Dodging        | |  2.5
Stealth        | |  2.4
Conjurations   | |  1.2
Translocations | |  1.1

Action                   |  1- 3 |  4- 6 || total
-------------------------+-------+-------++-------
 Cast: Magic Dart        |    85 |       ||    85
       Call Imp          |    11 |    12 ||    23
  Eat: Chunk             |     2 |       ||     2
       Ration            |       |     1 ||     1
Armor: Robe              |     2 |     1 ||     3
Dodge: Dodged            |     6 |    25 ||    31
